 Dungeon Crawl Stone Soup version 0.27.1-33-g824d729ab1 (webtiles) character file.

Game seed: 10073927170514481371

33 lonewolfV2 the Shield-Bearer (level 3, -1/29 HPs)
             Began as a Formicid Fighter on Dec 14, 2021.
             Frozen to death by an endoplasm (5 damage)
             ... on level 3 of the Dungeon.
             The game lasted 00:02:00 (1435 turns).

lonewolfV2 the Shield-Bearer (Formicid Fighter)     Turns: 1435, Time: 00:02:01

Health: -1/29      AC:  7    Str: 20    XL:     3   Next: 47%
Magic:  3/3        EV:  8    Int:  7    God:
Gold:   44         SH:  9    Dex: 11    Spells: 2/2 levels left

rFire    . . .     SeeInvis +   a - +0 long sword
rCold    . . .     Faith    .   c - +0 kite shield
rNeg     . . .     Spirit   .   b - +0 scale mail
rPois    .         Reflect  .   (helmet unavailable)
rElec    .         Harm     .   (no cloak)
rCorr    .         Rampage  .   (no gloves)
Will     .....                  (no boots)
Stlth    ..........             (no amulet)
HPRegen  0.09/turn              (no ring)
MPRegen  0.08/turn              (no ring)

@: mighty
A: permanent stasis, dig shafts and tunnels, antennae 3, four strong arms
a: Dig, Shaft Self


You were on level 3 of the Dungeon.
You visited 1 branch of the dungeon, and saw 3 of its levels.

You collected 44 gold pieces.

Inventory:

Hand Weapons
 a - a +0 long sword (weapon)
Armour
 b - a +0 scale mail (worn)
 c - a +0 kite shield (worn)
Scrolls
 e - a scroll of identify {unknown}
 g - a scroll of vulnerability {unknown}
 h - a scroll of teleportation {unknown}
Potions
 f - a potion of degeneration {unknown}


   Skills:
 + Level 3.5 Fighting
 + Level 2.2 Long Blades
 + Level 3.7 Armour
 + Level 4.4 Shields


You had 2 spell levels left.
You didn't know any spells.
Your spell library was empty.

Dungeon Overview and Level Annotations

Branches:
Dungeon (3/15)

Altars:


Innate Abilities, Weirdness & Mutations

You cannot be hasted, slowed, berserked, paralysed or teleported.
You can dig through walls and to a lower floor.
You have a pair of large antennae on your head. (SInv)
Your four strong arms can wield two-handed weapons with a shield.


Message History

The endoplasm freezes you.
You are frozen.
The kobold barely misses you.
You riposte.
You slash the kobold!
You kill the kobold!
The iguana bites you!
A giant cockroach comes into view.
The endoplasm hits you but does no damage.
Unknown command.
The iguana barely misses you.
You riposte.
You hit the iguana but do no damage. You closely miss the iguana.
The iguana bites you but does no damage.
The endoplasm hits you. The iguana completely misses you.
You hit the iguana.
The iguana is moderately wounded.
The endoplasm freezes you.
You are frozen.
You block the iguana's attack.
The endoplasm hits you but does no damage.
You hit the iguana but do no damage.
The iguana is moderately wounded.
The iguana closely misses you. The endoplasm freezes you.
You are frozen.
* * * LOW HITPOINT WARNING * * *
You block the iguana's attack.
You feel very mighty all of a sudden.
The endoplasm hits you but does no damage.
You block the iguana's attack.
You hit the iguana.
The iguana is moderately wounded.
The endoplasm freezes you.
You are frozen.
* * * LOW HITPOINT WARNING * * *
The iguana hisses menacingly.
You block the iguana's attack. You block the endoplasm's attack.
Your shield and scale mail prevent you from hitting the iguana.
The iguana is moderately wounded.
You block the iguana's attack. The endoplasm freezes you.
You are frozen.
You die...

############
#..........#
#..........#
########..........#
......+...>......#
#...##..........#
#...##..........#
#...##...J@...(.#
#........)l#+####
#....###...# #....#
#....... #...<#
#...#.... ######
#...#..... #...#
...J #.#.# .B..
#.#.. ...


You could see an iguana and an endoplasm.

Vanquished Creatures
  An adder (D:2)
  A dart slug (D:2)
  4 endoplasms
  A giant cockroach (D:2)
  2 goblins
  3 hobgoblins (D:2)
  2 kobolds
  3 ball pythons
  3 frilled lizards
  A rat (D:1)
21 creatures vanquished.

Notes
Turn   | Place    | Note
-------+----------+-------------------------------------------
     0 | D:1      | lonewolfV2 the Formicid Fighter began the quest for the
                  | Orb.
     0 | D:1      | Reached XP level 1. HP: 18/18 MP: 1/1
   332 | D:1      | Reached XP level 2. HP: 22/24 MP: 2/2
   366 | D:1      | Found a faded altar of an unknown god.
   897 | D:2      | Reached skill level 4 in Shields
  1173 | D:2      | Reached XP level 3. HP: 28/29 MP: 3/3
  1435 | D:3      | Frozen to death by an endoplasm

Illustrated notes

Levels and vault maps discovered:
D:1:      sevenhm_arrival_forest_fort_small_4, layout_loops_ring,
          shapermc_ecumenical_altar_flowoftime, chequers_serial_rivers_room_a
D:2:      minmay_wonky_spiral, layout_basic
D:3:      kennysheep_the_goblin_king, layout_basic

Skill      XL: |  1  2 |
---------------+-------+-----
Shields        | 4 |  4.4
Fighting       | |  3.5
Long Blades    | |  2.2
Armour         | |  3.7

Action                   || total
-------------------------++-------
Melee: Long sword        ||    71
  Use: Potion            ||     1
Armor: Scale mail        ||    36
Dodge: Dodged            ||    23
Block: Kite shield       ||    57
       Rpst.: Long sword ||     7
